SA
PUT-IN-BAY BC @ SYRACUSE STORM
05/12/2027
 
TOP OF THE 1ST
Put-In-Bay BC batting - Pitching for Syracuse Storm : LHP Heyg Lamper
Pitching: LHP Heyg Lamper
Batting: SHB Eugene Clutch 0-0: Fly out, F3 (Popup, 3L)
Batting: RHB Lou Lumsden 0-0: Swinging Strike
0-1: Foul Ball, location: 2F
0-2: Ball
1-2: Ball
2-2: Ball
3-2: Fly out, F4 (Popup, 4)
Batting: LHB Tural Bishara 0-0: Foul Ball, location: 2F
0-1: Ball
1-1: Fly out, F5 (Flyball, 5D)
Top of the 1st over - 0 run(s), 0 hit(s), 0 error(s), 0 left on base; Put-In-Bay 0 - Syracuse 0
BOTTOM OF THE 1ST
Syracuse Storm batting - Pitching for Put-In-Bay BC : RHP Enrique Castro
Pitching: RHP Enrique Castro
Batting: RHB Tom Boyer 0-0: Ball
1-0: Swinging Strike
1-1: Foul Ball, location: 2F
1-2: Ball
2-2: Strikes out swinging
Batting: LHB António Paez 0-0: Reached on error, E4 (Groundball, 4)
Batting: RHB Enrique Gómez 0-0: Fly out, F9 (Flyball, 9S)
Batting: RHB Tsuginori Kobayashi 0-0: Called Strike
0-1: Ball
1-1: Swinging Strike
1-2: Foul Ball, location: 2F
1-2: Strikes out looking
Bottom of the 1st over - 0 run(s), 0 hit(s), 1 error(s), 1 left on base; Put-In-Bay 0 - Syracuse 0
TOP OF THE 2ND
Put-In-Bay BC batting - Pitching for Syracuse Storm : LHP Heyg Lamper
Batting: RHB Alan McLennan 0-0: Called Strike
0-1: Called Strike
0-2: Ball
1-2: Strikes out swinging
Batting: RHB Mark Keys 0-0: Swinging Strike
0-1: Ball
1-1: Called Strike
1-2: Foul Ball, location: 2F
1-2: Ball
2-2: Foul Ball, location: 2F
2-2: Strikes out looking
Batting: RHB Sameen Shaw 0-0: Ball
1-0: SINGLE (Line Drive, 89S)
Batting: LHB Francisco Alfaro 0-0: Ball
1-0: Swinging Strike
1-1: Ball
2-1: Called Strike
2-2: Ball
3-2: Foul Ball, location: 2F
3-2: Fly out, F9 (Flyball, 89M)
Top of the 2nd over - 0 run(s), 1 hit(s), 0 error(s), 1 left on base; Put-In-Bay 0 - Syracuse 0
BOTTOM OF THE 2ND
Syracuse Storm batting - Pitching for Put-In-Bay BC : RHP Enrique Castro
Batting: RHB António Canales 0-0: Ball
1-0: Ball
2-0: Foul Ball, location: 2F
2-1: Ball
3-1: Base on Balls
Batting: RHB Eduardo Santos 0-0: Called Strike
0-1: Ball
1-1: Foul Ball, location: 2F
1-2: Strikes out looking
Batting: RHB Scott Donlan 0-0: Ball
1-0: Called Strike
1-1: TRIPLE (Flyball, 8RXD)
António Canales scores
Batting: RHB Eisse Cals 0-0: Ball
1-0: Foul Ball, location: 2F
1-1: SINGLE (Groundball, 6D)
Scott Donlan scores
Batting: RHB Nicholas Manley 0-0: Ball
1-0: Ground out 5-3 (Groundball, 5L)
Eisse Cals to second
Batting: RHB Tom Boyer 0-0: Called Strike
0-1: Ball
1-1: Ground out 6-3 (Groundball, 6)
Bottom of the 2nd over - 2 run(s), 2 hit(s), 0 error(s), 1 left on base; Put-In-Bay 0 - Syracuse 2
TOP OF THE 3RD
Put-In-Bay BC batting - Pitching for Syracuse Storm : LHP Heyg Lamper
Batting: RHB Edgar Balerio 0-0: Ball
1-0: Called Strike
1-1: Ball
2-1: SINGLE (Line Drive, 9S)
Batting: RHB Ryan French 0-0: Foul Ball, location: 2F
0-1: Foul Ball, location: 2F
0-2: DOUBLE (Line Drive, 7LM)
Edgar Balerio to third
Runner from 3rd tries for Home, SAFE, no throw
Batting: SHB Eugene Clutch 0-0: Called Strike
0-1: Foul Ball, location: 2F
0-2: Ball
1-2: Ball
2-2: Foul Ball, location: 2F
2-2: Fly out, F9 (Flyball, 9LSF)
Batting: RHB Lou Lumsden 0-0: Called Strike
0-1: Foul Ball, location: 2F
0-2: Fly out, F9 (Flyball, 89M)
Batting: LHB Tural Bishara 0-0: Fly out, F8 (Line Drive, 78M)
Top of the 3rd over - 1 run(s), 2 hit(s), 0 error(s), 1 left on base; Put-In-Bay 1 - Syracuse 2
BOTTOM OF THE 3RD
Syracuse Storm batting - Pitching for Put-In-Bay BC : RHP Enrique Castro
Batting: LHB António Paez 0-0: Called Strike
0-1: Foul Ball, location: 2F
0-2: Ball
1-2: Foul Ball, location: 2F
1-2: Ball
2-2: Foul Ball, location: 2F
2-2: Ground out 4-3 (Groundball, 4)
Batting: RHB Enrique Gómez 0-0: Called Strike
0-1: Ball
1-1: Ball
2-1: Foul Ball, location: 2F
2-2: Ground out 1-3 (Groundball, 13S)
Batting: RHB Tsuginori Kobayashi 0-0: Swinging Strike
0-1: Foul Ball, location: 2F
0-2: Strikes out swinging
Bottom of the 3rd over - 0 run(s), 0 hit(s), 0 error(s), 0 left on base; Put-In-Bay 1 - Syracuse 2
TOP OF THE 4TH
Put-In-Bay BC batting - Pitching for Syracuse Storm : LHP Heyg Lamper
Batting: RHB Alan McLennan 0-0: Fly out, F6 (Line Drive, 56)
Batting: RHB Mark Keys 0-0: Called Strike
0-1: SINGLE (Groundball, 56S) (infield hit)
Batting: RHB Sameen Shaw 0-0: Called Strike
0-1: Ball
1-1: Ball
2-1: SINGLE (Line Drive, 4D)
Mark Keys to second
Batting: LHB Francisco Alfaro 0-0: Ball
1-0: Ball
2-0: Ball
3-0: Base on Balls
Mark Keys to third
Sameen Shaw to second
Batting: RHB Edgar Balerio 0-0: Foul Ball, location: 2F
0-1: SINGLE (Flyball, 8LS)
Mark Keys scores
Sameen Shaw to third
Francisco Alfaro to second
Batting: RHB Ryan French 0-0: Ball
1-0: Fly out, F4 (Popup, 3D)
Batting: SHB Eugene Clutch 0-0: Ball
1-0: Ball
2-0: Foul Ball, location: 2F
2-1: Ball
3-1: Foul Ball, location: 2F
3-2: Foul Ball, location: 2F
3-2: Foul Ball, location: 2F
3-2: SINGLE (Groundball, 56D)
Sameen Shaw scores
Francisco Alfaro to third
Edgar Balerio to second
Francisco Alfaro scores
Edgar Balerio to third
Batting: RHB Lou Lumsden 0-0: Foul Ball, location: 2F
0-1: Called Strike
0-2: Foul Ball, location: 2F
0-2: Ball
1-2: Ball
2-2: Strikes out looking
Top of the 4th over - 3 run(s), 4 hit(s), 0 error(s), 2 left on base; Put-In-Bay 4 - Syracuse 2
BOTTOM OF THE 4TH
Syracuse Storm batting - Pitching for Put-In-Bay BC : RHP Enrique Castro
Batting: RHB António Canales 0-0: Ground out 2-3 (Groundball, 2L)
Batting: RHB Eduardo Santos 0-0: SINGLE (Flyball, 9LS)
Batting: RHB Scott Donlan 0-0: Called Strike
0-1: Swinging Strike
0-2: Strikes out swinging
Batting: RHB Eisse Cals 0-0: Ball
1-0: Called Strike
1-1: Ball
2-1: Fielders Choice at 2nd, 6-4 (Groundball, 6)
Bottom of the 4th over - 0 run(s), 1 hit(s), 0 error(s), 0 left on base; Put-In-Bay 4 - Syracuse 2
TOP OF THE 5TH
Put-In-Bay BC batting - Pitching for Syracuse Storm : LHP Heyg Lamper
Batting: LHB Tural Bishara 0-0: DOUBLE (Line Drive, 78XD)
Batting: RHB Alan McLennan 0-0: Ball
1-0: Foul Ball, location: 2F
1-1: Swinging Strike
1-2: Ball
2-2: Strikes out looking
Batting: RHB Mark Keys 0-0: Intentional Walk
Pitching: RHP John Vaillancourt
Batting: RHB Sameen Shaw 0-0: Called Strike
0-1: Ball
1-1: Called Strike
1-2: Ball
2-2: Ground out 5-3 (Groundball, 56S)
Tural Bishara to third
Mark Keys to second
Batting: LHB Francisco Alfaro 0-0: Swinging Strike
0-1: Foul Ball, location: 2F
0-2: Strikes out swinging
Top of the 5th over - 0 run(s), 1 hit(s), 0 error(s), 2 left on base; Put-In-Bay 4 - Syracuse 2
BOTTOM OF THE 5TH
Syracuse Storm batting - Pitching for Put-In-Bay BC : RHP Enrique Castro
Batting: RHB Nicholas Manley 0-0: Foul Ball, location: 2F
0-1: Called Strike
0-2: Fly out, F5 (Line Drive, 56)
Batting: RHB Tom Boyer 0-0: Ball
1-0: Fly out, F8 (Flyball, 8RM)
Batting: LHB António Paez 0-0: Hit by Pitch
Batting: RHB Enrique Gómez 0-0: Ball
1-0: Called Strike
1-1: Hit by Pitch
António Paez to second
Batting: RHB Tsuginori Kobayashi 0-0: Ball
1-0: Called Strike
1-1: Called Strike
1-2: Ball
2-2: Ball
3-2: Strikes out looking
Bottom of the 5th over - 0 run(s), 0 hit(s), 0 error(s), 2 left on base; Put-In-Bay 4 - Syracuse 2
TOP OF THE 6TH
Put-In-Bay BC batting - Pitching for Syracuse Storm : RHP John Vaillancourt
Batting: RHB Edgar Balerio 0-0: Ball
1-0: Ball
2-0: Foul Ball, location: 2F
2-1: Ball
3-1: Called Strike
3-2: Foul Ball, location: 2F
3-2: Base on Balls
Batting: RHB Ryan French 0-0: Ball
1-0: Bunted foul
1-1: Bunted foul
1-2: Fly out, F4 (Popup, 4MD)
Batting: SHB Eugene Clutch 0-0: Foul Ball, location: 2F
0-1: Swinging Strike
0-2: Strikes out swinging
Batting: RHB Lou Lumsden 0-0: Ball
1-0: Foul Ball, location: 2F
1-1: Ball
2-1: Ball
3-1: Foul Ball, location: 2F
3-2: Strikes out swinging
Top of the 6th over - 0 run(s), 0 hit(s), 0 error(s), 1 left on base; Put-In-Bay 4 - Syracuse 2
BOTTOM OF THE 6TH
Syracuse Storm batting - Pitching for Put-In-Bay BC : RHP Enrique Castro
Batting: RHB António Canales 0-0: Swinging Strike
0-1: Swinging Strike
0-2: Strikes out looking
Batting: RHB Eduardo Santos 0-0: Ball
1-0: Ball
2-0: Ball
3-0: Called Strike
3-1: SOLO HOME RUN (Flyball, 7D), Distance : 377 ft
Batting: RHB Scott Donlan 0-0: Called Strike
0-1: Foul Ball, location: 2F
0-2: Ball
1-2: SINGLE (Flyball, 8RS)
Batting: RHB Eisse Cals 0-0: Foul Ball, location: 2F
0-1: Fly out, F9 (Flyball, 9)
Batting: RHB Nicholas Manley 0-0: Ball
1-0: Foul Ball, location: 2F
1-1: Ground out 5-3 (Groundball, 56S)
Bottom of the 6th over - 1 run(s), 2 hit(s), 0 error(s), 1 left on base; Put-In-Bay 4 - Syracuse 3
TOP OF THE 7TH
Put-In-Bay BC batting - Pitching for Syracuse Storm : RHP John Vaillancourt
Batting: LHB Tural Bishara 0-0: Foul Ball, location: 2F
0-1: Foul Ball, location: 2F
0-2: Ball
1-2: Ball
2-2: Strikes out swinging
Batting: RHB Alan McLennan 0-0: Swinging Strike
0-1: Swinging Strike
0-2: Strikes out looking
Batting: RHB Mark Keys 0-0: Ball
1-0: Called Strike
1-1: Ball
2-1: Swinging Strike
2-2: Ball
3-2: Strikes out swinging
Top of the 7th over - 0 run(s), 0 hit(s), 0 error(s), 0 left on base; Put-In-Bay 4 - Syracuse 3
BOTTOM OF THE 7TH
Syracuse Storm batting - Pitching for Put-In-Bay BC : RHP Enrique Castro
Batting: RHB Tom Boyer 0-0: Called Strike
0-1: Ball
1-1: SINGLE (Groundball, 6D)
Pinch Hitting: LHB Phil MacNamara 0-0: Ball
1-0: Ball
2-0: Called Strike
Tom Boyer steals 2nd base
2-1: Ball
3-1: Foul Ball, location: 2F
3-2: Base on Balls
Pinch Hitting: RHB Jim Unknown 0-0: Ball
1-0: Called Strike
1-1: Swinging Strike
1-2: Fly out, F8 (Flyball, 8LXD)
Runner from 2nd tags up, SAFE at 3rd, no throw
Pinch Hitting: RHB Jim Unknown 0-0: Ball
1-0: Ball
2-0: Ball
3-0: Base on Balls
Phil MacNamara to second
Batting: RHB António Canales 0-0: SINGLE (Groundball, 6M) (infield hit)
Tom Boyer scores
Phil MacNamara to third
Jim Unknown to second
Batting: RHB Eduardo Santos 0-0: Called Strike
0-1: Ball
Wild Pitch!
Phil MacNamara scores
Jim Unknown to third
António Canales to second
1-1: Intentional Walk
Pitching: RHP Esteban Ramos
Batting: RHB Scott Donlan 0-0: Ball
1-0: Ball
2-0: Ball
3-0: Called Strike
3-1: Called Strike
3-2: Base on Balls
Jim Unknown scores
António Canales to third
Eduardo Santos to second
Batting: RHB Eisse Cals 0-0: Swinging Strike
0-1: Ball
1-1: Ball
2-1: Swinging Strike
2-2: Strikes out swinging
Batting: RHB Nicholas Manley 0-0: Fielders Choice at 2nd, 6-4 (Groundball, 6MD)
Bottom of the 7th over - 3 run(s), 2 hit(s), 0 error(s), 2 left on base; Put-In-Bay 4 - Syracuse 6
TOP OF THE 8TH
Put-In-Bay BC batting - Pitching for Syracuse Storm : RHP John Vaillancourt
Now at SS: Scotty Smalls
Now in LF: Jim Unknown
Now in CF: Jim Unknown
Batting: RHB Sameen Shaw 0-0: Called Strike
0-1: Called Strike
0-2: Ball
1-2: Ground out 5-3 (Groundball, 56)
Batting: LHB Francisco Alfaro 0-0: Ball
1-0: Ball
2-0: Ball
3-0: Base on Balls
Pitching: RHP Raúl Díaz
Batting: RHB Edgar Balerio 0-0: Called Strike
0-1: Ball
1-1: Ground out 4-3 (Groundball, 4MD)
Francisco Alfaro to second
Batting: RHB Ryan French 0-0: Ball
1-0: Swinging Strike
1-1: Ground out 1-3 (Groundball, 13S)
Top of the 8th over - 0 run(s), 0 hit(s), 0 error(s), 1 left on base; Put-In-Bay 4 - Syracuse 6
BOTTOM OF THE 8TH
Syracuse Storm batting - Pitching for Put-In-Bay BC : RHP Esteban Ramos
Batting: RHB Tom Boyer 0-0: Ball
1-0: Ball
2-0: Ball
3-0: Called Strike
3-1: Base on Balls
Batting: RHB Scotty Smalls 0-0: Called Strike
0-1: Sac Bunt - play at first, batter OUT! 5-3
Tom Boyer to second
Batting: RHB Jim Unknown 0-0: Ball
1-0: Swinging Strike
1-1: Called Strike
1-2: Foul Ball, location: 2F
1-2: Fly out, F7 (Flyball, 78M)
Batting: RHB Jim Unknown 0-0: Swinging Strike
0-1: Ground out 6-3 (Groundball, 6)
Bottom of the 8th over - 0 run(s), 0 hit(s), 0 error(s), 1 left on base; Put-In-Bay 4 - Syracuse 6
TOP OF THE 9TH
Put-In-Bay BC batting - Pitching for Syracuse Storm : RHP Raúl Díaz
Pitching: RHP Dale Kurth
Batting: SHB Eugene Clutch 0-0: Called Strike
0-1: Swinging Strike
0-2: Ball
1-2: Ball
2-2: Strikes out swinging
Batting: RHB Lou Lumsden 0-0: Ball
1-0: Foul Ball, location: 2F
1-1: Ball
2-1: Ball
3-1: Base on Balls
Batting: LHB Tural Bishara 0-0: Ball
1-0: Ball
2-0: Foul Ball, location: 2F
2-1: Called Strike
2-2: Ball
Passed Ball!
Lou Lumsden to second
3-2: Strikes out looking
Batting: RHB Alan McLennan 0-0: Reached on error, E5 (Groundball, 56)
Lou Lumsden to third
Batting: RHB Mark Keys 0-0: Foul Ball, location: 2F
0-1: Ball
1-1: Swinging Strike
1-2: Strikes out looking
Top of the 9th over - 0 run(s), 0 hit(s), 1 error(s), 2 left on base; Put-In-Bay 4 - Syracuse 6
Saturday, May 26th, 2018 - OOTP Baseball 17.12 Build 75